 Dungeon Crawl Stone Soup version 0.29.1-13-g9f3cf754e1 (webtiles) character file.

Game seed: 7527131097725238200

186 theswoord the Chopper (level 5, -9/41 HPs)
             Began as a Demonspawn Chaos Knight on Jan 23, 2023.
             Was a Plaything of Xom.
             Mangled by a yaktaur (shapeshifter)
             ... wielding a +0 club
              (12 damage)
             ... on level 3 of the Dungeon.
             The game lasted 00:03:41 (2085 turns).

theswoord the Chopper (Demonspawn Chaos Knight)     Turns: 2085, Time: 00:03:42

Health: -9/41      AC: 10    Str: 15    XL:     5   Next: 38%
Magic:  5/5        EV:  9    Int: 13    God:    Xom [.*....]
Gold:   188        SH:  0    Dex: 12    Spells: 4/4 levels left

rFire   . . .      SeeInvis +   u - +0 war axe
rCold   + . .      Faith    .   (no shield)
rNeg    . . .      Spirit   .   e - +0 scale mail {rC+}
rPois   .          Reflect  .   (no helmet)
rElec   .          Harm     .   (no cloak)
rCorr   .          Rampage  .   (no gloves)
Will    .....                   (no boots)
Stlth   ..........              (no amulet)
HPRegen 0.13/turn               f - ring of see invisible
MPRegen 0.09/turn               h - +4 ring of protection

@: no status effects
A: powered by death 1, weakness stinger 2
a: Renounce Religion


You were on level 3 of the Dungeon.
You worshipped Xom.
You were a plaything of Xom.
You visited 1 branch of the dungeon, and saw 3 of its levels.

You collected 188 gold pieces.

Inventory:

Hand Weapons
 a - a +0 hand axe of chaos
 u - a +0 war axe (weapon)
Armour
 b - a +2 leather armour
 e - a +0 scale mail of cold resistance (worn)
 p - the +1 cloak of Pijy {rPois Str+5 Int-2}
   (You found it on level 2 of the Dungeon)

   Str:       It affects your strength (+5).
   Int:       It affects your intelligence (-2).
   rPois:     It protects you from poison.
 q - a +0 pair of gloves
Jewellery
 f - a ring of see invisible (left hand)
 h - a +4 ring of protection (right hand)
 j - a ring of fire
Wands
 o - a wand of quicksilver (4)
Scrolls
 d - a scroll of summoning {unknown}
 m - 4 scrolls of identify {unknown}
 r - a scroll of brand weapon {unknown}
 v - a scroll of teleportation {unknown}
 x - a scroll of enchant weapon {unknown}
Potions
 i - a potion of attraction {unknown}
 k - a potion of might {unknown}
 l - a potion of brilliance {unknown}
 n - a potion of cancellation {unknown}
 s - a potion of resistance
 t - a potion of haste {unknown}
 w - a potion of invisibility {unknown}
Miscellaneous
 c - a piece from Xom's chessboard (15/15) (quivered)


   Skills:
 - Level 3.0 Fighting
 + Level 5.6 Axes
 - Level 1.7 Armour
 - Level 0.8 Dodging


You had 4 spell levels left.
You didn't know any spells.
Your spell library was empty.

Dungeon Overview and Level Annotations

Branches:
Dungeon (3/15)

Altars:

Shops:
D:2 *


Innate Abilities, Weirdness & Mutations

You regenerate a little health from kills.
You have a tail ending in a sharp stinger.


Message History

There are monsters nearby!
An orc comes into view. It is wielding a +0 club.
The orc wizard gestures wildly while chanting.
The orc wizard flickers and vanishes for a moment.
The orc priest hits you with a +0 trident.
You closely miss the orc priest.
The orc priest mumbles some strange prayers to Beogh against you.
Beogh smites you!
* * * LOW HITPOINT WARNING * * *
You hit the orc priest but do no damage.
You closely miss the orc priest.
Xom's power touches on a nearby monster.
The orc changes into a shapeshifter!
The shapeshifter changes into a yaktaur!
The orc priest looks braver for a moment.
You slash the orc wizard!
The orc wizard is severely wounded.
You hit the orc priest.
The orc wizard hits you with a +0 dagger.
* * * LOW HITPOINT WARNING * * *
The orc priest begins to cast a cantrip, but forgets the words!
The yaktaur picks up a +0 club.
The yaktaur wields a +0 club.
The orc wizard hits you but does no damage.
The orc priest hits you with a +0 trident.
* * * LOW HITPOINT WARNING * * *
You feel better.
The orc wizard hits you but does no damage.
The orc priest hits you with a +0 trident.
* * * LOW HITPOINT WARNING * * *
You hit the orc wizard.
You kill the orc wizard!
You hit the orc priest but do no damage.
The orc priest invokes the aid of Beogh against you.
Beogh smites you!
* * * LOW HITPOINT WARNING * * *
You hit the orc priest.
The orc priest is moderately wounded.
You hit the yaktaur but do no damage. The yaktaur hits you with a +0 club!
You die...
Xom titters!

.# ##. ##.# ...
##>.#.... #...#..
#..... #####...#
#...co..# [ #@..#
.. ##..####.##
##.......... ..
#.#####.#.####..#
... #..(......#
#..##..
#######.######.....
#.....<#...#
#.#...##...#
#.###......###..


You could see a yaktaur shaped shifter and an orc priest.

Vanquished Creatures
  A lemure (D:3)
  An orc wizard (D:3)
  An adder (D:3)
  2 worms (D:2)
  4 dart slugs
  2 orcs (D:3)
  7 ball pythons
  5 bats
  5 endoplasms
  3 giant cockroaches
  4 goblins
  7 hobgoblins
  3 jackals (D:1)
  4 quokkas
  A frilled lizard (D:2)
  5 kobolds
  4 rats
59 creatures vanquished.

Notes
Turn   | Place    | Note
-------+----------+-------------------------------------------
     0 | D:1      | theswoord the Demonspawn Chaos Knight began the quest for
                  | the Orb.
     0 | D:1      | Reached XP level 1. HP: 18/18 MP: 1/1
   164 | D:1      | Reached skill level 3 in Axes
   255 | D:1      | Gained mutation: You regenerate a little health from kills.
                  | [demonic ancestry]
   255 | D:1      | Reached XP level 2. HP: 24/24 MP: 2/2
   324 | D:1      | XOM: silly message
   452 | D:1      | XOM: fog
   608 | D:1      | XOM: cloud trail
   626 | D:1      | XOM: god gift: 26 gold pieces
   857 | D:2      | Reached XP level 3. HP: 22/29 MP: 3/3
   951 | D:2      | Identified the +1 cloak of Pijy {rPois Str+5 Int-2}
   958 | D:2      | Reached skill level 4 in Axes
  1026 | D:2      | XOM: 5-stop teleportation journey
  1119 | D:2      | XOM: divination: detect items
  1157 | D:2      | Found Abafin's General Store.
  1157 | D:2      | XOM: 8-stop teleportation journey
  1491 | D:2      | XOM: stat loss: -1 Int (12/13)
  1553 | D:3      | Noticed Grinder
  1557 | D:3      | XOM: summons friendly white imp
  1569 | D:3      | Paralysed by Grinder for 3 turns
  1579 | D:3      | HP: 1/29 [Grinder (5)]
  1581 | D:3      | Noticed Grinder
  1581 | D:3      | Grinder changed into Grinder the lemure
  1581 | D:3      | XOM: polymorph Grinder -> Grinder the lemure
  1587 | D:3      | XOM: confusion (+ monsters)
  1596 | D:3      | Killed Grinder the lemure
  1597 | D:3      | Reached skill level 5 in Axes
  1597 | D:3      | Discovered your monstrous ancestry.
  1597 | D:3      | Gained mutation: You have a small tail. [demonic ancestry]
  1597 | D:3      | Reached XP level 4. HP: 19/35 MP: 4/4
  1597 | D:3      | Gained mutation: You have a tail ending in a sharp stinger.
                  | [demonic ancestry]
  1597 | D:3      | Reached XP level 5. HP: 22/41 MP: 5/5
  2081 | D:3      | Noticed a shapeshifter
  2081 | D:3      | an orc changed into a shapeshifter
  2081 | D:3      | XOM: polymorph orc -> shapeshifter
  2081 | D:3      | Noticed a yaktaur
  2081 | D:3      | a shapeshifter changed into a yaktaur
  2085 | D:3      | Mangled by a yaktaur (shapeshifter)

Skill      XL: |  1  2  3 |
---------------+----------+-----
Axes           | 3 5 |  5.6
Fighting       | |  3.0
Armour         | |  1.7
Dodging        | |  0.8

Action                   |  1- 3 |  4- 6 || total
-------------------------+-------+-------++-------
Melee: Hand axe          |   125 |       ||   125
       War axe           |    27 |    38 ||    65
       Tailslap          |       |     6 ||     6
  Use: Potion            |     2 |     1 ||     3
 Stab: Petrified         |     1 |       ||     1
Armor: Leather armour    |     3 |       ||     3
       Scale mail        |    81 |    19 ||   100
Dodge: Dodged            |    73 |    11 ||    84

Levels and vault maps discovered:
D:1:      dpeg_arrival_chambers_temple_mockup, layout_basic,
          chequers_serial_rivers_small_3
D:2:      layout_loops_ring, serial_shops, shop_statue
D:3:      layout_basic, nicolae_dithmenos_through_a_glass_darkly,
          old_standard_altar, shapermc_ecumenical_altar_mp_highgroup,
          serial_shops, shop, hex_intersection,
          minmay_fractal_squares_diagonal_5, uniq_grinder
